 Dungeon Crawl Stone Soup version 0.27.1 (webtiles) character file.

Game seed: 14674702683430184674

249 Malachi the Chopper (level 6, -1/52 HPs)
             Began as a Hill Orc Fighter on Aug 20, 2021.
             Killed from afar by an electric eel (11 damage)
             ... with a bolt of electricity
             ... on level 3 of the Dungeon.
             The game lasted 00:05:42 (3583 turns).

Malachi the Chopper (Hill Orc Fighter)              Turns: 3583, Time: 00:05:42

Health: -1/52      AC:  9    Str: 21    XL:     6   Next: 12%
Magic:  6/6        EV:  7    Int:  8    God:
Gold:   133        SH:  9    Dex: 10    Spells: 5/5 levels left

rFire    . . .     SeeInvis .   a - +1 war axe
rCold    . . .     Faith    .   c - +0 kite shield
rNeg     . . .     Spirit   .   b - +0 scale mail
rPois    .         Reflect  .   (no helmet)
rElec    .         Harm     .   i - +0 cloak
rCorr    .         Rampage  .   (no gloves)
Will     .....                  g - +0 pair of boots
Stlth    ..........             (no amulet)
HPRegen  0.17/turn              (no ring)
MPRegen  0.10/turn              (no ring)

@: no status effects
A: no striking features
a: no special abilities


You were on level 3 of the Dungeon.
You visited 1 branch of the dungeon, and saw 3 of its levels.

You collected 133 gold pieces.

Inventory:

Hand Weapons
 a - a +1 war axe (weapon)
 l - a +3 quarterstaff of chaos
Missiles
 e - 18 poisoned darts (quivered)
 q - a throwing net
Armour
 b - a +0 scale mail (worn)
 c - a +0 kite shield (worn)
 g - a +0 pair of boots (worn)
 i - a +0 cloak (worn)
Wands
 d - a wand of polymorph (7)
 p - a wand of flame (32)
Scrolls
 f - a scroll of amnesia
 o - a scroll of fear {unknown}
 s - a scroll of identify
Potions
 h - a potion of curing {unknown}
 j - a potion of heal wounds {unknown}
 k - a potion of lignification {unknown}
 m - a potion of invisibility {unknown}
 n - a potion of haste {unknown}
 r - a potion of mutation {unknown}


   Skills:
 - Level 4.0 Fighting
 * Level 6.0 Axes
 + Level 4.3 Armour
 + Level 0.2 Stealth
 + Level 4.6 Shields


You had 5 spell levels left.
You didn't know any spells.
Your spell library contained the following spells:

 Spells                   Type           Power      Damage    Failure   Level
 Animate Skeleton         Necr           0%         N/A       99%         1
 Apportation              Tloc           0%         N/A       99%         1
 Corona                   Hex            0%         N/A       99%         1
 Summon Small Mammal      Summ           0%         N/A       99%         1
 Stone Arrow              Conj/Erth      0%         3d7       100%        3
 Bolt of Magma            Conj/Fire/Erth 0%         4d4       100%        5
 Shatter                  Erth           0%         3d5*      100%        9


Dungeon Overview and Level Annotations

Branches:
Dungeon (3/15)

Altars:
Hepliaklqana
Yredelemnul

Annotations:
D:3 1 transporter


Message History

You throw a poisoned dart.
The poisoned dart hits the electric eel.
The electric eel is poisoned.
You hear a splash.
The electric eel shoots out a bolt of lightning at you!
The bolt of electricity hits you.
The electric eel shoots out a bolt of lightning at you!
The bolt of electricity hits you.
Throw: 21 darts (poison)
Press: ? - help, Q - select action, (/) - cycle Shift-Dir - straight line, f/p - electric eel
Aim: an electric eel (lightly wounded, poisoned, 38% to hit)
You throw a poisoned dart.
The poisoned dart hits the electric eel.
The electric eel looks even sicker.
The electric eel is lightly wounded.
You hear a splash.
Throw: 20 darts (poison)
Press: ? - help, Q - select action, (/) - cycle Shift-Dir - straight line, f/p - electric eel
Aim: an electric eel (lightly wounded, very poisoned, 38% to hit)
You throw a poisoned dart.
The poisoned dart hits the electric eel.
The electric eel looks even sicker.
The electric eel is lightly wounded.
You hear a splash.
The electric eel shoots out a bolt of lightning at you!
The bolt of electricity hits you!
Throw: 19 darts (poison)
Press: ? - help, Q - select action, (/) - cycle Shift-Dir - straight line, f/p - electric eel
Aim: an electric eel (moderately wounded, very poisoned, 35% to hit)
You throw a poisoned dart.
The poisoned dart closely misses the electric eel.
You hear a splash.
The electric eel shoots out a bolt of lightning at you!
The bolt of electricity hits you!
* * * LOW HITPOINT WARNING * * *
The electric eel shoots out a bolt of lightning at you!
The bolt of electricity hits you.
* * * LOW HITPOINT WARNING * * *
The bolt of electricity hits you!
You die...

..<..#.####.#≈...≈#..#.###.##..#
........###.#≈...≈#...## ##....#
............#≈...≈#....###....†#
...#....###.#≈.♣.≈#.....#.###..##
....##.## #.#(...≈#......## #....
...###.# #.#;...≈#......####.###
##.# #.# #.#;...;#........##.# .
#.# #.####.###'###...........#
#.# #......#P..@P#..#.....#### #
#####..#8.©.8#..#.....# #
#..#######..#.....#
#.....©.....#.##.##
#.###...###.#.##.# #.# #..##
#.#.##.# ###.###.## #.#.# .#
#.......# #.#.# #.#####.....####
####


You could see 3 electric eels.

Vanquished Creatures
  Crazy Yiuf (D:2)
  A bullfrog skeleton (D:3)
  A hound (D:3)
  10 adders
  An orc (D:2)
  13 ball pythons
  8 endoplasms
  3 giant cockroaches
  3 goblins
  3 hobgoblins
  6 jackals (D:1)
  A quokka (D:1)
  10 bats
  4 frilled lizards
  6 kobolds
  7 rats
78 creatures vanquished.

Vanquished Creatures (others)
  2 plants (D:3)
2 creatures vanquished.

Grand Total: 80 creatures vanquished

Notes
Turn   | Place    | Note
-------+----------+-------------------------------------------
     0 | D:1      | Malachi the Hill Orc Fighter began the quest for the Orb.
     0 | D:1      | Reached XP level 1. HP: 19/19 MP: 1/1
    65 | D:1      | Reached XP level 2. HP: 11/27 MP: 2/2
   573 | D:1      | Reached skill level 3 in Axes
   795 | D:1      | Noticed an eye of devastation
   797 | D:1      | Found a faded altar of an unknown god.
   807 | D:1      | Reached XP level 3. HP: 33/33 MP: 3/3
   810 | D:1      | Noticed a golden eye
   816 | D:1      | Noticed a great orb of eyes
   862 | D:1      | Noticed a shining eye
  1575 | D:2      | Reached XP level 4. HP: 37/40 MP: 4/4
  1831 | D:2      | Reached skill level 4 in Axes
  1972 | D:2      | Found a runed translucent door.
  1973 | D:2      | Noticed Crazy Yiuf
  2477 | D:2      | Found a basalt altar of Yredelemnul.
  2724 | D:2      | Reached XP level 5. HP: 46/46 MP: 5/5
  2988 | D:2      | Killed Crazy Yiuf
  3064 | D:2      | Reached skill level 5 in Axes
  3251 | D:3      | Found a hazy altar of Hepliaklqana.
  3335 | D:3      | Found a transporter.
  3456 | D:3      | Reached skill level 6 in Axes
  3456 | D:3      | Reached XP level 6. HP: 44/52 MP: 6/6
  3529 | D:3      | Found a transporter.
  3583 | D:3      | Killed from afar by an electric eel

Illustrated notes

Levels and vault maps discovered:
D:1:      dpeg_arrival_concentric_ovals, layout_loops_cross,
          hellmonk_ecumenical_altar_watching_god, hex_medium,
          minmay_misc_feat_tiny, glass_columns_a, minmay_misc_feat_diagonals,
          bh_walls_and_bars
D:2:      layout_loops_ring, basic_altar, minmay_snake_closets,
          uniq_crazy_yiuf_cottage
D:3:      gammafunk_steamed_eel, layout_loops_ring,
          nicolae_hepliaklqana_hazy_memory, serial_aquarium,
          aquarium_bridge_square [aquarium_subvault_balcony,
          aquarium_subvault_wall, aquarium_subvault_wall,
          aquarium_subvault_bridge], aquarium_bridge_long_separate
          [aquarium_subvault_balcony, aquarium_subvault_window,
          aquarium_subvault_bridge, aquarium_subvault_bridge,
          aquarium_subvault_bridge, aquarium_subvault_bridge],
          aquarium_window_1, aquarium_window_2, aquarium_view_2a,
          aquarium_balcony_double_1, aquarium_pool_1, serial_bayou_pond_e

Skill      XL: |  1  2  3  4  5 |
---------------+----------------+-----
Fighting       | 4 |  4.0
Axes           | 3 4 6 |  6.0
Shields        | 4 |  4.6
Armour         | 4 |  4.3
Stealth        | |  0.2

Action                   |  1- 3 |  4- 6 || total
-------------------------+-------+-------++-------
Melee: War axe           |   106 |   137 ||   243
Throw: Dart              |       |     5 ||     5
  Use: Scroll            |     3 |     3 ||     6
       Potion            |       |     1 ||     1
Armor: Scale mail        |    63 |    72 ||   135
Dodge: Dodged            |    45 |    45 ||    90
Block: Kite shield       |    62 |    95 ||   157
